AoeStats
← bullseyes

African Clearing

506400487Analyzed
4v4 RM · 19d ago on Sep 13, 2026· 43m 59s· 8 players
Game mode
Random Map
Map size
Large (8 player)
Population
200
Speed
Normal
Resources
Standard
Victory
Conquest
Starting age
Dark Age
Ending age
Imperial Age
RankedLock teamsTeams togetherTeam positionsShared explorationLock speedFull tech treeHidden civsTurbo modeCheats
Victory
Defeat
🇩🇪 Britons · Germany
1774
+10
🇹🇼 Vikings · Taiwan
1595
+17
🇦🇹 Romans · Austria
1587
+17
🇨🇳 Goths · China
1586
+17
🇨🇳 Bengalis · China
1669
-18
🇮🇳 Celts · India
1623
-15
🇪🇸 Khmer · Spain
1596
-14
🇧🇪 Turks · Belgium
1594
-14
爱种田的太奶
4:28 Loom
12:41 Feudal Age
13:38 Double-Bit Axe
16:37 Fletching
23:04 Castle Age
21:02 Horse Collar
23:25 Padded Archer Armor
24:08 Bow Saw
25:18 Forging
26:34 Wheelbarrow
26:26 Bodkin Arrow
34:23 Hand Cart
37:55 Imperial Age
35:46 Stone Mining
35:53 Town Watch
36:27 Scale Barding Armor
37:19 Bloodlines
37:10 Husbandry
38:12 Paiks
38:42 Bracer
39:33 Conscription
40:43 Chain Barding Armor
40:41 Gold Mining
42:00 Plate Barding Armor
42:01 Iron Casting
天琴弦
10:08 Loom
12:39 Feudal Age
12:41 Man-at-Arms
18:06 Fletching
22:09 Town Watch
25:38 Double-Bit Axe
28:09 Wheelbarrow
34:22 Castle Age
32:49 Horse Collar
35:42 Bow Saw
35:36 Heavy Plow
Vlad von Carstein
10:40 Loom
13:30 Feudal Age
14:18 Double-Bit Axe
14:53 Fletching
17:14 Padded Archer Armor
23:07 Castle Age
21:14 Town Watch
35:32 Bow Saw
35:03 Horse Collar
39:12 Wheelbarrow
43:31 Wheelbarrow
45:51 Imperial Age
44:18 Bodkin Arrow
bullseyes
11:35 Loom
14:03 Feudal Age
14:54 Double-Bit Axe
17:33 Castle Age
15:48 Horse Collar
17:50 Town Watch
18:45 Bow Saw
27:26 Stone Mining
29:24 Wheelbarrow
29:55 Scale Barding Armor
31:21 Chain Barding Armor
31:51 Hand Cart
34:18 Padded Archer Armor
36:58 Imperial Age
34:48 Treadmill Crane
35:20 Masonry
35:28 Leather Archer Armor
37:17 Gold Mining
38:58 Fletching
39:41 Architecture
41:41 Ring Archer Armor
41:35 Conscription
42:28 Artillery
Bo Zhi Shang
3:17 Loom
12:57 Feudal Age
17:01 Castle Age
17:45 Double-Bit Axe
22:30 Scale Mail Armor
27:45 Wheelbarrow
27:26 Bow Saw
28:20 Forging
30:18 Chain Mail Armor
35:44 Horse Collar
37:18 Pikeman
39:38 Hand Cart
44:21 Imperial Age
Peter_Pahn
2:54 Loom
11:29 Feudal Age
11:34 Man-at-Arms
13:00 Arson
13:06 Town Watch
19:51 Double-Bit Axe
25:58 Castle Age
24:11 Gold Mining
24:38 Fletching
25:36 Padded Archer Armor
27:11 Bow Saw
27:43 Horse Collar
30:00 Heavy Plow
32:28 Wheelbarrow
34:06 Hand Cart
37:34 Imperial Age
35:01 Treadmill Crane
35:43 Stone Mining
36:14 Bodkin Arrow
36:41 Ballistics
38:27 Yeomen
39:20 Chemistry
38:22 Bracer
38:44 Conscription
38:48 Elite Longbowman
40:50 Leather Archer Armor
40:44 Siege Engineers
41:31 Gold Shaft Mining
41:44 Masonry
43:47 Ring Archer Armor
P0rr1dg3
5:46 Loom
12:24 Feudal Age
13:12 Double-Bit Axe
19:06 Castle Age
26:49 Guard Tower
29:27 Fletching
30:13 Bodkin Arrow
34:27 Ballistics
35:06 Bow Saw
35:57 Stone Mining
35:57 Gold Mining
36:01 Crossbowman
42:16 Town Watch
45:05 Imperial Age
43:19 Scale Barding Armor
43:16 Scale Mail Armor
43:27 Forging
42:45 Man-at-Arms
43:11 Gambesons
46:15 Imperial Age
44:03 Padded Archer Armor
TrCL.ovoin
12:47 Feudal Age
16:39 Castle Age
14:25 Loom
15:03 Double-Bit Axe
16:45 Gold Mining
17:44 Bow Saw
17:37 Horse Collar
23:29 Heavy Plow
26:50 Wheelbarrow
26:01 Town Watch
30:29 Gold Shaft Mining
30:54 Ballistics
31:38 Hand Cart
35:49 Imperial Age
33:32 Scale Mail Armor
33:02 Pikeman
33:45 Stone Mining
34:25 Squires
34:41 Chain Mail Armor
34:57 Ballistas
37:34 Chemistry
36:03 Halberdier
36:55 Forging
38:23 Siege Engineers
39:07 Block Printing
39:54 Conscription
40:06 Masonry
41:30 Iron Casting
41:29 Crop Rotation
41:20 Heavy Scorpion
43:18 Blast Furnace
43:06 Fletching
Connection lost

Rejoining the realm…

Still unreachable

The connection could not be restored.

Session expired

The server has moved on; the page needs a fresh start.